 Dungeon Crawl Stone Soup version 0.27.1 (webtiles) character file.

Game seed: 4910884397284822006

196 r3algoood the Digger (level 5, -7/28 HPs)
             Began as a Gargoyle Earth Elementalist on Aug 31, 2021.
             Mangled by Duvessa (13 damage)
             ... on level 4 of the Dungeon.
             The game lasted 00:10:28 (4390 turns).

r3algoood the Digger (Gargoyle Earth Elementalist)  Turns: 4390, Time: 00:10:28

Health: -7/28      AC:  6    Str: 11    XL:     5   Next: 74%
Magic:  6/10       EV: 12    Int: 17    God:
Gold:   133        SH:  0    Dex: 10    Spells: 6/10 levels left

rFire    . . .     SeeInvis .   j - +0 dagger (flame)
rCold    . . .     Faith    +   (no shield)
rNeg     + + .     Spirit   .   b - +0 robe
rPois    ∞         Reflect  .   (no helmet)
rElec    +         Harm     .   (no cloak)
rCorr    .         Rampage  .   (no gloves)
Will     .....                  (no boots)
Stlth    ++........             k - amulet of faith
HPRegen  0.09/turn              l - ring of positive energy
MPRegen  0.12/turn              (no ring)

@: no status effects
A: sickness immunity, AC +4, negative energy resistance 1, electricity
resistance, torment resistance 1, petrification resistance
a: no special abilities


You were on level 4 of the Dungeon.
You visited 1 branch of the dungeon, and saw 4 of its levels.

You collected 133 gold pieces.

Inventory:

Hand Weapons
 e - a +0 dagger
 j - a +0 dagger of flaming (weapon)
Missiles
 c - 43 stones
Armour
 b - a +0 robe (worn)
Jewellery
 k - an amulet of faith (around neck)
 l - a ring of positive energy (left hand)
Scrolls
 d - a scroll of blinking {unknown}
 f - a scroll of amnesia {unknown}
 g - 2 scrolls of identify {unknown}
 m - a scroll of brand weapon {unknown}
Potions
 a - a potion of ambrosia {unknown}
 h - a potion of lignification {unknown}
 i - a potion of heal wounds {unknown}
 n - a potion of flight {unknown}
 o - a potion of degeneration {unknown}


   Skills:
 + Level 0.7 Fighting
 + Level 1.2 Short Blades
 + Level 2.2 Dodging
 + Level 2.7 Stealth
 + Level 3.4 Spellcasting
 + Level 0.7 Transmutations
 + Level 5.2 Earth Magic


You had 6 spell levels left.
You knew the following spells:

 Your Spells              Type           Power      Damage    Failure   Level
a - Sandblast             Erth           40%        2d10      1%          1
b - Stone Arrow           Conj/Erth      22%        3d8       17%         3

Your spell library contained the following spells:

 Spells                   Type           Power      Damage    Failure   Level
 Passwall                 Tmut/Erth      10%        N/A       8%          2
 Petrify                  Tmut/Erth      13%        N/A       43%         4
 Gell's Gravitas          Tloc           1%         N/A       45%         3
 Teleport Other           Tloc           2%         N/A       45%         3
 Dispersal                Tloc           1%         N/A       100%        6


Dungeon Overview and Level Annotations

Branches:
Dungeon (4/15)
 Temple: D:4-7

Altars:
Cheibriados
Elyvilon
Fedhas
Gozag
Kikubaaqudgha
Trog

Annotations:
D:4 Dowan, Duvessa


Innate Abilities, Weirdness & Mutations

You are immune to sickness and miasma.
Your stone body is resilient. (AC +4)
You are immune to poison.
You resist negative energy. (rN+)
You are resistant to electric shocks. (rElec)
You are resistant to unholy torment.
You are immune to petrification.


Message History

Casting: Sandblast (safe; 1% risk of failure)
Confirm with . or Enter, or press ? or * to list all spells.
Aiming: Sandblast (safe; 1% risk of failure)
Press: ? - help, Shift-Dir - straight line, f - Duvessa
Aim: Duvessa, wielding a +0 rapier and wearing a +0 ring mail (86% to hit)
The blast of sand hits Duvessa.
Duvessa is lightly wounded.
Casting: Sandblast (safe; 1% risk of failure)
Confirm with . or Enter, or press ? or * to list all spells.
Aiming: Sandblast (safe; 1% risk of failure)
Press: ? - help, Shift-Dir - straight line, f/p - Duvessa
Aim: Duvessa, wielding a +0 rapier and wearing a +0 ring mail (lightly wounded, 86% to hit)
The blast of sand hits Duvessa.
Duvessa is lightly wounded.
You hear a shout!
Unknown command.
Casting: Sandblast (safe; 1% risk of failure)
Confirm with . or Enter, or press ? or * to list all spells.
Aiming: Sandblast (safe; 1% risk of failure)
Press: ? - help, Shift-Dir - straight line, f/p - Duvessa
Aim: Duvessa, wielding a +0 rapier and wearing a +0 ring mail (lightly wounded, 86% to hit)
The blast of sand hits Duvessa but does no damage.
Duvessa is lightly wounded.
Duvessa hits you with a +0 rapier!
Unknown command.
Casting: Sandblast (safe; 1% risk of failure)
Confirm with . or Enter, or press ? or * to list all spells.
Aiming: Sandblast (safe; 1% risk of failure)
Press: ? - help, Shift-Dir - straight line, f/p - Duvessa
Aim: Duvessa, wielding a +0 rapier and wearing a +0 ring mail (lightly wounded, 86% to hit)
The blast of sand hits Duvessa but does no damage.
Duvessa is lightly wounded.
Duvessa drinks a potion.
Duvessa seems to grow stronger.
Dowan, Brother of Duvessa comes into view.
He is wielding a +0 dagger.
Unknown command.
Duvessa hits you with a +0 rapier!
Ouch! That really hurt!
* * * LOW HITPOINT WARNING * * *
Duvessa hits you with a +0 rapier!
You die...

#..... .#... ...... . ....
...... ..#... ...... ....
##.### ..e # ## #.#########
### ##.........
#..##....>####.# ..........#
#.e#..........#
..........#####.@..........#
............#####..........#
..................†........#
#<...........(..#..........#
##............#.#..........#
...........................#
#.......#......##..........#
..#.............#..........#
######........#.############


You could see Duvessa (strong) and Dowan (wandering).

Vanquished Creatures
  A hound (D:4)
  An orc wizard (D:3)
  An iguana (D:3)
  Natasha (D:2)
  2 adders (D:4)
  4 worms
  A dart slug (D:2)
  4 orcs
  8 bats
  5 endoplasms
  3 giant cockroaches
  5 goblins
  2 hobgoblins (D:1)
  3 quokkas
  5 ball pythons
  3 frilled lizards (D:1)
  8 kobolds
  4 rats
61 creatures vanquished.

Notes
Turn   | Place    | Note
-------+----------+-------------------------------------------
     0 | D:1      | r3algoood the Gargoyle Earth Elementalist began the quest
                  | for the Orb.
     0 | D:1      | Reached XP level 1. HP: 10/10 MP: 3/3
   262 | D:1      | Reached XP level 2. HP: 4/15 MP: 0/5
   538 | D:1      | Reached skill level 4 in Earth Magic
   689 | D:1      | Found a faded altar of an unknown god.
   705 | D:1      | Got Plato's Disquisition on Stones
  1187 | D:1      | Reached XP level 3. HP: 9/19 MP: 3/6
  1703 | D:2      | Noticed Natasha
  1719 | D:2      | Killed Natasha
  1726 | D:2      | Reached XP level 4. HP: 8/24 MP: 3/8
  1952 | D:2      | Learned a level 3 spell: Stone Arrow
  2198 | D:2      | You fall into a shaft and drop 1 floor!
  2539 | D:3      | Reached skill level 1 in Short Blades
  2539 | D:3      | Reached skill level 5 in Earth Magic
  2539 | D:3      | Reached XP level 5. HP: 7/28 MP: 5/9
  3025 | D:3      | Found an opulent altar of Gozag.
  3070 | D:3      | Found a snail-covered altar of Cheibriados.
  3114 | D:3      | Found a bloodstained altar of Trog.
  3114 | D:3      | Found an ancient bone altar of Kikubaaqudgha.
  3114 | D:3      | Found a white marble altar of Elyvilon.
  3117 | D:3      | Found a blossoming altar of Fedhas.
  4383 | D:4      | Noticed Duvessa
  4387 | D:4      | Noticed Dowan
  4390 | D:4      | Mangled by Duvessa

Illustrated notes

Levels and vault maps discovered:
D:1:      psy_arrival_radial01, layout_loops_ring,
          shapermc_ecumenical_altar_rom_forum, chequers_serial_rivers_micro_e,
          st_stairs_5, serial_bayou_pond_d, chequers_decorated_corner,
          palyth_stone_intersect
D:2:      layout_rooms, minmay_cupped, uniq_natasha
D:3:      layout_loops_corners, minitemple, lemuel_round_altar,
          cheibriados_altar_1
D:4:      layout_rooms, zin_scriptorium, uniq_duvessa

Skill      XL: |  1  2  3  4 |
---------------+-------------+-----
Earth Magic    | 4 5 |  5.2
Short Blades   | 1 |  1.2
Dodging        | 2 |  2.2
Spellcasting   | 3 |  3.4
Fighting       | |  0.7
Stealth        | |  2.7
Transmutations | |  0.7

Action                   |  1- 3 |  4- 6 || total
-------------------------+-------+-------++-------
Melee: Unarmed           |    24 |       ||    24
       Dagger            |    34 |    58 ||    92
 Cast: Sandblast         |    33 |    46 ||    79
       Stone Arrow       |       |     1 ||     1
 Stab: Sleeping          |     1 |     1 ||     2
Armor: Robe              |    44 |    27 ||    71
Dodge: Dodged            |    81 |    50 ||   131
